PCL
HOUSTON HAMMERTIME @ VANCOUVER VIPERS
09/19/2027
 
TOP OF THE 1ST
Houston Hammertime batting - Pitching for Vancouver Vipers : RHP Ben Evans
Pitching: RHP Ben Evans
Batting: RHB Don Hooper 0-0: Called Strike
0-1: Fly out, F8 (Flyball, 8RS)
Batting: RHB Alonso Holguín 0-0: Ball
1-0: Ball
2-0: Foul Ball, location: 2F
2-1: Swinging Strike
2-2: Ball
3-2: Fly out, F9 (Line Drive, 9LM)
Batting: RHB Dan Mason 0-0: Foul Ball, location: 2F
0-1: Ball
1-1: Ball
2-1: Foul Ball, location: 2F
2-2: Fly out, F9 (Flyball, 89M)
Top of the 1st over - 0 run(s), 0 hit(s), 0 error(s), 0 left on base; Houston 0 - Vancouver 0
BOTTOM OF THE 1ST
Vancouver Vipers batting - Pitching for Houston Hammertime : LHP Frank Jackson
Pitching: LHP Frank Jackson
Batting: RHB Miguel Palácios 0-0: Foul Ball, location: 2F
0-1: Ball
1-1: Ball
2-1: Ball
3-1: Foul Ball, location: 2F
3-2: Strikes out swinging
Batting: RHB Steve Bender 0-0: Called Strike
0-1: Ball
1-1: Ball
2-1: Ground out 5-3 (Groundball, 56)
Batting: LHB Benny Richard 0-0: Foul Ball, location: 2F
0-1: Ball
1-1: Foul Ball, location: 2F
1-2: Ball
2-2: Ball
3-2: Ground out 6-3 (Groundball, 6)
Bottom of the 1st over - 0 run(s), 0 hit(s), 0 error(s), 0 left on base; Houston 0 - Vancouver 0
TOP OF THE 2ND
Houston Hammertime batting - Pitching for Vancouver Vipers : RHP Ben Evans
Batting: LHB Juan Cabańas 0-0: Ball
1-0: Ball
2-0: Called Strike
2-1: Fly out, F9 (Flyball, 9S)
Batting: RHB David Hernández 0-0: Ball
1-0: Called Strike
1-1: Ball
2-1: Ball
3-1: Foul Ball, location: 2F
3-2: Ground out 4-3 (Groundball, 4)
Batting: RHB Santo Cruz 0-0: Called Strike
0-1: Foul Ball, location: 2F
0-2: Foul Ball, location: 2F
0-2: Foul Ball, location: 2F
0-2: Ball
1-2: Ball
2-2: Foul Ball, location: 2F
2-2: Foul Ball, location: 2F
2-2: Foul Ball, location: 2F
2-2: Ground out 6-3 (Groundball, 6S)
Top of the 2nd over - 0 run(s), 0 hit(s), 0 error(s), 0 left on base; Houston 0 - Vancouver 0
BOTTOM OF THE 2ND
Vancouver Vipers batting - Pitching for Houston Hammertime : LHP Frank Jackson
Batting: RHB Daniel Robert 0-0: Fly out, F5 (Popup, 56S)
Batting: LHB Mike Williams 0-0: Ball
1-0: Ball
2-0: DOUBLE (Flyball, 78M)
Batting: RHB Ryan Parrish 0-0: Foul Ball, location: 2F
0-1: Ball
1-1: Ball
2-1: Foul Ball, location: 2F
2-2: Ball
3-2: Foul Ball, location: 2F
3-2: Foul Ball, location: 2F
3-2: Foul Ball, location: 2F
3-2: Foul Ball, location: 2F
3-2: Fly out, F7 (Flyball, 7S)
Batting: RHB Walton Smith 0-0: Ball
1-0: Called Strike
1-1: Ball
2-1: Ball
3-1: Base on Balls
Batting: RHB Salvador Medine 0-0: Ball
1-0: Ball
2-0: Swinging Strike
2-1: Ball
3-1: Fly out, F8 (Flyball, 8LS)
Bottom of the 2nd over - 0 run(s), 1 hit(s), 0 error(s), 2 left on base; Houston 0 - Vancouver 0
TOP OF THE 3RD
Houston Hammertime batting - Pitching for Vancouver Vipers : RHP Ben Evans
Batting: LHB Bartolo Villanueva 0-0: SINGLE (Line Drive, 3D)
Batting: RHB Alberto Chávez 0-0: Ball
1-0: Ball
2-0: Swinging Strike
2-1: Ball
3-1: Foul Ball, location: 2F
3-2: Foul Ball, location: 2F
3-2: Strikes out looking
Batting: RHB Carlos Pérez 0-0: Called Strike
0-1: Grounds into double play, 6-4-3 (Groundball, 6)
Top of the 3rd over - 0 run(s), 1 hit(s), 0 error(s), 0 left on base; Houston 0 - Vancouver 0
BOTTOM OF THE 3RD
Vancouver Vipers batting - Pitching for Houston Hammertime : LHP Frank Jackson
Batting: RHB Axel Guimont 0-0: Fly out, F9 (Flyball, 9LS)
Batting: RHB Miguel Palácios 0-0: Ball
1-0: Called Strike
1-1: Called Strike
1-2: Fly out, F9 (Flyball, 9LMF)
Batting: RHB Steve Bender 0-0: Swinging Strike
0-1: SINGLE (Groundball, 56) (infield hit)
Batting: LHB Benny Richard 0-0: Ball
1-0: Called Strike
1-1: Swinging Strike
1-2: Ground out U3 (Groundball, 34)
Bottom of the 3rd over - 0 run(s), 1 hit(s), 0 error(s), 1 left on base; Houston 0 - Vancouver 0
TOP OF THE 4TH
Houston Hammertime batting - Pitching for Vancouver Vipers : RHP Ben Evans
Batting: RHB Don Hooper 0-0: Ball
1-0: Fly out, F9 (Flyball, 9S)
Batting: RHB Alonso Holguín 0-0: Ground out 4-3 (Groundball, 4)
Batting: RHB Dan Mason 0-0: Ball
1-0: Ball
2-0: Called Strike
2-1: Ball
3-1: Foul Ball, location: 2F
3-2: Foul Ball, location: 2F
3-2: DOUBLE (Line Drive, 7D)
Batting: LHB Juan Cabańas 0-0: Ball
1-0: Foul Ball, location: 2F
1-1: Foul Ball, location: 2F
1-2: Ball
2-2: Ball
3-2: Foul Ball, location: 2F
3-2: Fly out, F7 (Flyball, 78S)
Top of the 4th over - 0 run(s), 1 hit(s), 0 error(s), 1 left on base; Houston 0 - Vancouver 0
BOTTOM OF THE 4TH
Vancouver Vipers batting - Pitching for Houston Hammertime : LHP Frank Jackson
Batting: RHB Daniel Robert 0-0: Ball
1-0: Ball
2-0: Ball
3-0: Called Strike
3-1: Base on Balls
Batting: LHB Mike Williams 0-0: Ball
1-0: Ball
2-0: Fielders Choice at 2nd, 4-6 (Groundball, 4)
Batting: RHB Ryan Parrish 0-0: Called Strike
0-1: Swinging Strike
0-2: Ball
1-2: Ball
2-2: Strikes out swinging
Batting: RHB Walton Smith 0-0: Ball
1-0: Called Strike
Mike Williams is caught stealing 2nd base
Bottom of the 4th over - 0 run(s), 0 hit(s), 0 error(s), 0 left on base; Houston 0 - Vancouver 0
TOP OF THE 5TH
Houston Hammertime batting - Pitching for Vancouver Vipers : RHP Ben Evans
Batting: RHB David Hernández 0-0: Fly out, F9 (Flyball, 89M)
Batting: RHB Santo Cruz 0-0: Called Strike
0-1: Called Strike
0-2: Ball
1-2: Ground out 5-3 (Groundball, 56)
Batting: LHB Bartolo Villanueva 0-0: Foul Ball, location: 2F
0-1: Ball
1-1: Ball
2-1: Foul Ball, location: 2F
2-2: Fly out, F9 (Flyball, 9LM)
Top of the 5th over - 0 run(s), 0 hit(s), 0 error(s), 0 left on base; Houston 0 - Vancouver 0
BOTTOM OF THE 5TH
Vancouver Vipers batting - Pitching for Houston Hammertime : LHP Frank Jackson
Batting: RHB Walton Smith 0-0: Ground out 4-3 (Groundball, 4)
Batting: RHB Salvador Medine 0-0: Ball
1-0: Foul Ball, location: 2F
1-1: Swinging Strike
1-2: Ball
2-2: Ball
3-2: Ground out 4-3 (Groundball, 4M)
Batting: RHB Axel Guimont 0-0: Ball
1-0: Ball
2-0: Called Strike
2-1: Ball
3-1: Called Strike
3-2: Ground out 5-3 (Groundball, 5S)
Bottom of the 5th over - 0 run(s), 0 hit(s), 0 error(s), 0 left on base; Houston 0 - Vancouver 0
TOP OF THE 6TH
Houston Hammertime batting - Pitching for Vancouver Vipers : RHP Ben Evans
Batting: RHB Alberto Chávez 0-0: Ball
1-0: Swinging Strike
1-1: DOUBLE (Flyball, 9D)
Batting: RHB Carlos Pérez 0-0: Ball
1-0: Called Strike
1-1: Swinging Strike
1-2: Ball
2-2: Ball
3-2: TRIPLE (Line Drive, 9LM)
Alberto Chávez scores
Batting: RHB Don Hooper 0-0: Ball
1-0: Called Strike
1-1: Ball
2-1: Ball
3-1: Called Strike
3-2: Foul Ball, location: 2F
3-2: Base on Balls
Batting: RHB Alonso Holguín 0-0: Foul Ball, location: 2F
0-1: Ball
1-1: Ball
Throwing error on steal attempt, E2
Carlos Pérez scores
Don Hooper to third
2-1: Ball
3-1: Base on Balls
Batting: RHB Dan Mason 0-0: Called Strike
0-1: 3-RUN HOME RUN (Flyball, 78XD), Distance : 408 ft
Pitching: RHP Mark Greene
Batting: LHB Juan Cabańas 0-0: Swinging Strike
0-1: Called Strike
0-2: Foul Ball, location: 2F
0-2: Ball
1-2: Ball
2-2: Ball
3-2: Foul Ball, location: 2F
3-2: Base on Balls
Batting: RHB David Hernández 0-0: Ball
1-0: Ball
2-0: Ball
3-0: Called Strike
3-1: Fly out, F3 (Line Drive, 34)
Lined into DP, U3 (Line Drive, 34)
Batting: RHB Santo Cruz 0-0: Ground out 6-3 (Groundball, 6)
Top of the 6th over - 5 run(s), 3 hit(s), 1 error(s), 0 left on base; Houston 5 - Vancouver 0
BOTTOM OF THE 6TH
Vancouver Vipers batting - Pitching for Houston Hammertime : LHP Frank Jackson
Batting: RHB Miguel Palácios 0-0: Ball
1-0: Called Strike
1-1: Ball
2-1: SINGLE (Groundball, 56) (infield hit)
Batting: RHB Steve Bender 0-0: Called Strike
0-1: Swinging Strike
0-2: Ball
1-2: Ball
2-2: Ground out 5-3 (Groundball, 56S)
Miguel Palácios to second
Batting: LHB Benny Richard 0-0: Called Strike
0-1: Swinging Strike
0-2: Strikes out swinging
Batting: RHB Daniel Robert 0-0: Called Strike
0-1: Fly out, F6 (Popup, 56)
Bottom of the 6th over - 0 run(s), 1 hit(s), 0 error(s), 1 left on base; Houston 5 - Vancouver 0
TOP OF THE 7TH
Houston Hammertime batting - Pitching for Vancouver Vipers : RHP Mark Greene
Batting: LHB Bartolo Villanueva 0-0: Fly out, F5 (Popup, 5L)
Batting: RHB Alberto Chávez 0-0: Ball
1-0: Foul Ball, location: 2F
1-1: Ground out 6-3 (Groundball, 6)
Batting: RHB Carlos Pérez 0-0: Ball
1-0: Foul Ball, location: 2F
1-1: Foul Ball, location: 2F
1-2: Ball
2-2: Foul Ball, location: 2F
2-2: Ball
3-2: Base on Balls
Batting: RHB Don Hooper 0-0: Called Strike
Carlos Pérez steals 2nd base
0-1: Reached via error on a dropped throw, E1
Carlos Pérez to third
Batting: RHB Alonso Holguín 0-0: Swinging Strike
0-1: Ball
1-1: Ball
2-1: Fly out, F9 (Line Drive, 9)
Top of the 7th over - 0 run(s), 0 hit(s), 1 error(s), 2 left on base; Houston 5 - Vancouver 0
BOTTOM OF THE 7TH
Vancouver Vipers batting - Pitching for Houston Hammertime : LHP Frank Jackson
Batting: LHB Mike Williams 0-0: Ball
1-0: Called Strike
1-1: Ball
2-1: Ground out 6-3 (Groundball, 6)
Batting: RHB Ryan Parrish 0-0: Ball
1-0: Ball
2-0: Ball
3-0: Called Strike
3-1: Base on Balls
Pitching: LHP Martin White
Batting: RHB Walton Smith 0-0: Called Strike
Ryan Parrish is caught stealing 2nd base
0-1: Ball
1-1: Ball
2-1: Called Strike
2-2: Ground out 6-3 (Groundball, 6)
Bottom of the 7th over - 0 run(s), 0 hit(s), 0 error(s), 0 left on base; Houston 5 - Vancouver 0
TOP OF THE 8TH
Houston Hammertime batting - Pitching for Vancouver Vipers : RHP Mark Greene
Batting: RHB Dan Mason 0-0: Ground out 3-1 (Groundball, 34)
Batting: LHB Juan Cabańas 0-0: Ball
1-0: Ball
2-0: Called Strike
2-1: Foul Ball, location: 2F
2-2: Ball
3-2: Foul Ball, location: 2F
3-2: Foul Ball, location: 2F
3-2: Foul Ball, location: 2F
3-2: Base on Balls
Batting: RHB David Hernández 0-0: Called Strike
0-1: Ball
1-1: Foul Ball, location: 2F
1-2: Grounds into double play, 4-6-3 (Groundball, 4M)
Top of the 8th over - 0 run(s), 0 hit(s), 0 error(s), 0 left on base; Houston 5 - Vancouver 0
BOTTOM OF THE 8TH
Vancouver Vipers batting - Pitching for Houston Hammertime : LHP Martin White
Now at SS: Richard Bowman
Batting: RHB Salvador Medine 0-0: SINGLE (Groundball, 34S) (infield hit)
Batting: RHB Axel Guimont 0-0: Ball
1-0: Ball
2-0: Swinging Strike
2-1: Ball
3-1: Foul Ball, location: 2F
3-2: Foul Ball, location: 2F
3-2: Grounds into double play, 5-4-3 (Groundball, 56)
Batting: RHB Miguel Palácios 0-0: SINGLE (Groundball, 56D)
Batting: RHB Steve Bender 0-0: Ground out 6-3 (Groundball, 6S)
Bottom of the 8th over - 0 run(s), 2 hit(s), 0 error(s), 1 left on base; Houston 5 - Vancouver 0
TOP OF THE 9TH
Houston Hammertime batting - Pitching for Vancouver Vipers : RHP Mark Greene
Batting: RHB Santo Cruz 0-0: Ball
1-0: Ball
2-0: Ground out 6-3 (Groundball, 56)
Batting: LHB Bartolo Villanueva 0-0: Ball
1-0: Swinging Strike
1-1: Foul Ball, location: 2F
1-2: Strikes out looking
Batting: RHB Alberto Chávez 0-0: Called Strike
0-1: Ball
1-1: Foul Ball, location: 2F
1-2: Ball
2-2: Foul Ball, location: 2F
2-2: Ground out 6-3 (Groundball, 6)
Top of the 9th over - 0 run(s), 0 hit(s), 0 error(s), 0 left on base; Houston 5 - Vancouver 0
BOTTOM OF THE 9TH
Vancouver Vipers batting - Pitching for Houston Hammertime : LHP Martin White
Batting: LHB Benny Richard 0-0: Called Strike
0-1: Foul Ball, location: 2F
0-2: Foul Ball, location: 2F
0-2: SINGLE (Groundball, 34D)
Batting: RHB Daniel Robert 0-0: Called Strike
0-1: Called Strike
0-2: Grounds into double play, 6-4-3 (Groundball, 56)
Batting: LHB Mike Williams 0-0: Called Strike
0-1: Foul Ball, location: 2F
0-2: Strikes out swinging
Bottom of the 9th over - 0 run(s), 1 hit(s), 0 error(s), 0 left on base; Houston 5 - Vancouver 0
Thursday, March 30th, 2017 - OOTP Baseball 17.12 Build 75